3809 views
Uploaded 2020-01-01 17:44:18
Game version 1.32.0.4
25:44 long 4on4 ladder game on (8)Northshire_LV
Saved by BEARAND
3809 views
Uploaded 2020-01-01 17:44:18
Game version 1.32.0.4
25:44 long 4on4 ladder game on (8)Northshire_LV


117 units @ 18.4k
/ 2.6k
58 buildings @ 9.8k
/ 4.1k


| Healing Salve | 1 | 100 |
| Lesser Clarity Potion | 1 | 70 |
| total: | 2 | 170g |
| Peon | 10 | 750 | / | 0 |
| Troll Headhunter | 11 | 1540 | / | 220 |
| Demolisher | 6 | 1320 | / | 300 |
| Grunt | 3 | 600 | / | 0 |
| Tauren | 4 | 1120 | / | 320 |
| total: | 34 | 5330g | / | 840w |
| Altar of Storms | 1 | 180 | / | 50 |
| Orc Burrow | 7 | 1120 | / | 280 |
| War Mill | 1 | 205 | / | 0 |
| Barracks | 2 | 360 | / | 100 |
| Voodoo Lounge | 1 | 130 | / | 30 |
| Great Hall | 1 | 385 | / | 185 |
| Tauren Totem | 2 | 270 | / | 310 |
| Stronghold | 1 | 315 | / | 190 |
| Fortress | 1 | 325 | / | 190 |
| total: | 15 | 2650g | / | 955w |
| 0:05 | Altar of Storms |
| 0:32 | Orc Burrow |
| 0:33 | Peon |
| 0:35 | Peon |
| 0:58 | Peon |
| 1:09 | War Mill |
| 1:15 | Peon |
| 1:32 | Peon |
| 1:42 | Barracks |
| 1:51 | Peon |
| 2:09 | Orc Burrow |
| 2:42 | Voodoo Lounge |
| 2:48 | Troll Headhunter |
| 2:48 | Troll Headhunter |
| 2:57 | War Stomp |
| 3:34 | Troll Headhunter |
| 3:39 | Stronghold |
| 3:58 | Healing Salve |
| 4:32 | Troll Headhunter |
| 5:03 | Troll Headhunter |
| 5:05 | Troll Headhunter |
| 5:11 | Orc Burrow |
| 5:38 | Steel Ranged Weapons |
| 5:40 | Troll Headhunter |
| 5:47 | Orc Burrow |
| 7:18 | Fortress |
| 7:20 | Thorium Ranged Weapons |
| 7:29 | Healing Wave |
| 7:44 | Troll Regeneration |
| 8:29 | Great Hall |
| 8:39 | Troll Headhunter |
| 8:39 | Troll Headhunter |
| 8:54 | Lesser Clarity Potion |
| 9:07 | Barracks |
| 9:45 | Burning Oil |
| 9:45 | Demolisher |
| 10:09 | Endurance Aura |
| 10:22 | Orc Burrow |
| 10:23 | Demolisher |
| 11:01 | Hex |
| 11:09 | Endurance Aura |
| 11:33 | Demolisher |
| 12:28 | Grunt |
| 12:34 | Tauren Totem |
| 12:38 | Tauren Totem |
| 12:47 | Peon |
| 12:47 | Peon |
| 12:47 | Peon |
| 12:47 | Peon |
| 13:21 | Troll Headhunter |
| 13:23 | Grunt |
| 13:56 | Tauren |
| 13:59 | Orc Burrow |
| 14:43 | Demolisher |
| 14:43 | Demolisher |
| 14:45 | Tauren |
| 14:49 | Pulverize |
| 14:58 | Healing Wave |
| 15:27 | Orc Burrow |
| 15:30 | Tauren |
| 16:06 | Troll Headhunter |
| 16:07 | Grunt |
| 16:56 | Demolisher |
| 16:59 | Tauren |
| Right click | 414 |
| Chat | 388 |
| Select | 258 |
| Select group | 108 |
| Build/train/purchase | 77 |
| Assign group | 18 |
| Misc. action | 14 |
| Use ability | 12 |
| Item give/drop | 2 |
| Esc | 2 |
| Remove unit | 1 |


| Boots of Speed | 1 | 250 |
| total: | 1 | 250g |
| Peon | 9 | 675 | / | 0 |
| Grunt | 1 | 200 | / | 0 |
| Troll Headhunter | 11 | 1540 | / | 220 |
| Shaman | 3 | 390 | / | 60 |
| Forest Troll High Priest | 1 | 305 | / | 40 |
| Kobold Geomancer | 1 | 255 | / | 30 |
| Assassin | 1 | 250 | / | 30 |
| total: | 27 | 3615g | / | 380w |
| Watch Tower | 3 | 330 | / | 240 |
| Altar of Storms | 1 | 180 | / | 50 |
| Orc Burrow | 7 | 1120 | / | 280 |
| Barracks | 2 | 360 | / | 100 |
| War Mill | 1 | 205 | / | 0 |
| Spirit Lodge | 1 | 150 | / | 150 |
| Stronghold | 1 | 315 | / | 190 |
| Fortress | 1 | 325 | / | 190 |
| total: | 15 | 2345g | / | 820w |
| 0:06 | Altar of Storms |
| 0:36 | Orc Burrow |
| 0:40 | Peon |
| 0:41 | Peon |
| 1:03 | Peon |
| 1:33 | Barracks |
| 1:46 | Peon |
| 1:47 | Peon |
| 1:47 | Peon |
| 1:48 | Peon |
| 2:21 | War Mill |
| 2:25 | Peon |
| 2:39 | Mirror Image |
| 2:41 | Grunt |
| 2:57 | Orc Burrow |
| 3:03 | Peon |
| 3:56 | Orc Burrow |
| 4:11 | Troll Headhunter |
| 4:12 | Troll Headhunter |
| 4:12 | Troll Headhunter |
| 4:16 | Steel Ranged Weapons |
| 4:18 | Steel Armor |
| 4:49 | Steel Melee Weapons |
| 4:57 | Barracks |
| 5:31 | Troll Headhunter |
| 6:08 | Watch Tower |
| 6:08 | Watch Tower |
| 6:09 | Watch Tower |
| 6:13 | Stronghold |
| 6:37 | Critical Strike |
| 7:11 | Troll Headhunter |
| 7:12 | Troll Headhunter |
| 8:07 | Boots of Speed |
| 8:37 | Spirit Lodge |
| 8:43 | Orc Burrow |
| 8:45 | Orc Burrow |
| 8:46 | Orc Burrow |
| 8:47 | Orc Burrow |
| 8:50 | Thorium Melee Weapons |
| 8:54 | Thorium Ranged Weapons |
| 9:30 | Troll Regeneration |
| 9:31 | Troll Headhunter |
| 10:59 | Fortress |
| 11:11 | Thorium Armor |
| 11:12 | Spiked Barricades |
| 11:12 | Reinforced Defenses |
| 11:24 | Critical Strike |
| 12:24 | Forest Troll High Priest |
| 12:32 | Kobold Geomancer |
| 12:33 | Assassin |
| 13:45 | Arcanite Ranged Weapons |
| 13:54 | Endurance Aura |
| 15:54 | Troll Headhunter |
| 15:55 | Troll Headhunter |
| 16:45 | Berserker Upgrade |
| 16:47 | Troll Headhunter |
| 16:48 | Troll Headhunter |
| 16:57 | Shaman Adept Training |
| 17:59 | Shaman Master Training |
| 18:00 | Shaman |
| 18:00 | Shaman |
| 18:01 | Shaman |
| 18:10 | Arcanite Armor |
| Right click | 557 |
| Select | 160 |
| Build/train/purchase | 59 |
| Select group | 37 |
| Misc. action | 25 |
| Assign group | 7 |
| Use ability | 2 |
| Item give/drop | 1 |
| Remove unit | 1 |

| Wisp | 13 | 780 | / | 0 |
| Archer | 1 | 130 | / | 10 |
| Hippogryph | 4 | 640 | / | 80 |
| Chimaera | 11 | 3630 | / | 770 |
| total: | 29 | 5180g | / | 860w |
| Altar of Elders | 1 | 180 | / | 50 |
| Moon Well | 6 | 1080 | / | 240 |
| Ancient of War | 1 | 150 | / | 60 |
| Hunter's Hall | 1 | 210 | / | 100 |
| Ancient of Wind | 1 | 150 | / | 140 |
| Chimaera Roost | 3 | 420 | / | 570 |
| Tree of Ages | 1 | 320 | / | 180 |
| Tree of Eternity | 1 | 330 | / | 200 |
| total: | 13 | 2190g | / | 1160w |
| 0:34 | Altar of Elders |
| 0:36 | Wisp |
| 0:42 | Moon Well |
| 0:44 | Wisp |
| 0:58 | Wisp |
| 1:10 | Wisp |
| 1:11 | Wisp |
| 1:30 | Ancient of War |
| 1:33 | Wisp |
| 1:44 | Wisp |
| 2:00 | Wisp |
| 2:33 | Hunter's Hall |
| 2:41 | Archer |
| 2:47 | Force of Nature |
| 3:12 | Moon Well |
| 3:37 | Tree of Ages |
| 5:28 | Moon Well |
| 6:00 | Ancient of Wind |
| 6:01 | Tree of Eternity |
| 6:56 | Entangling Roots |
| 7:46 | Hippogryph |
| 7:46 | Hippogryph |
| 7:53 | Moon Well |
| 8:22 | Wisp |
| 8:22 | Wisp |
| 8:22 | Wisp |
| 8:22 | Wisp |
| 8:29 | Chimaera Roost |
| 8:34 | Chimaera Roost |
| 8:41 | Chimaera Roost |
| 8:46 | Strength of the Wild |
| 9:10 | Wisp |
| 9:19 | Moon Well |
| 9:53 | Chimaera |
| 9:55 | Corrosive Breath |
| 10:04 | Chimaera |
| 10:26 | Moon Well |
| 10:51 | Chimaera |
| 11:05 | Chimaera |
| 11:18 | Chimaera |
| 11:42 | Chimaera |
| 12:43 | Chimaera |
| 12:46 | Chimaera |
| 13:13 | Hippogryph |
| 13:13 | Hippogryph |
| 14:36 | Entangling Roots |
| 15:28 | Chimaera |
| 16:01 | Force of Nature |
| 17:00 | Chimaera |
| 17:00 | Chimaera |
| Right click | 342 |
| Select | 168 |
| Select group | 42 |
| Chat | 42 |
| Build/train/purchase | 38 |
| Misc. action | 18 |
| Assign group | 11 |
| Use ability | 11 |
| Resource trade | 6 |
| Remove unit | 1 |

| Healing Salve | 2 | 200 |
| Lesser Clarity Potion | 5 | 350 |
| Potion of Mana | 1 | 200 |
| Potion of Healing | 1 | 150 |
| Dust of Appearance | 1 | 75 |
| total: | 10 | 975g |
| Peon | 14 | 1050 | / | 0 |
| Grunt | 1 | 200 | / | 0 |
| Wind Rider | 10 | 2650 | / | 400 |
| Raider | 2 | 360 | / | 80 |
| total: | 27 | 4260g | / | 480w |
| Watch Tower | 1 | 110 | / | 80 |
| Altar of Storms | 1 | 180 | / | 50 |
| Orc Burrow | 5 | 800 | / | 200 |
| Voodoo Lounge | 1 | 130 | / | 30 |
| Barracks | 1 | 180 | / | 50 |
| War Mill | 1 | 205 | / | 0 |
| Great Hall | 1 | 385 | / | 185 |
| Beastiary | 4 | 580 | / | 560 |
| Stronghold | 1 | 315 | / | 190 |
| Fortress | 1 | 325 | / | 190 |
| total: | 15 | 2570g | / | 1155w |
| 0:02 | Peon |
| 0:39 | Altar of Storms |
| 0:49 | Peon |
| 0:53 | Orc Burrow |
| 0:58 | Peon |
| 1:10 | Peon |
| 1:28 | Peon |
| 1:37 | Peon |
| 1:53 | Orc Burrow |
| 2:06 | Peon |
| 2:20 | Voodoo Lounge |
| 2:31 | Peon |
| 2:43 | Wind Walk |
| 2:55 | Stronghold |
| 3:09 | Barracks |
| 3:32 | Healing Salve |
| 3:33 | Lesser Clarity Potion |
| 3:44 | War Mill |
| 4:17 | Grunt |
| 5:19 | Beastiary |
| 5:21 | Beastiary |
| 5:31 | Beastiary |
| 5:38 | Watch Tower |
| 6:13 | Peon |
| 6:27 | Wind Rider |
| 6:31 | Wind Rider |
| 6:35 | Orc Burrow |
| 7:09 | Raider |
| 7:40 | Wind Rider |
| 8:39 | Wind Rider |
| 9:15 | Fortress |
| 10:14 | Beastiary |
| 10:16 | Raider |
| 10:17 | Wind Rider |
| 10:20 | Potion of Mana |
| 10:21 | Lesser Clarity Potion |
| 10:52 | Orc Burrow |
| 12:10 | Wind Rider |
| 12:39 | Envenomed Spears |
| 12:45 | Orc Burrow |
| 13:29 | Wind Rider |
| 13:41 | Peon |
| 13:41 | Peon |
| 13:41 | Peon |
| 13:50 | Critical Strike |
| 14:19 | Wind Rider |
| 15:06 | Wind Rider |
| 15:36 | Great Hall |
| 15:46 | Healing Salve |
| 15:51 | Lesser Clarity Potion |
| 15:51 | Lesser Clarity Potion |
| 16:11 | Potion of Healing |
| 16:14 | Lesser Clarity Potion |
| 16:56 | Wind Rider |
| 17:09 | Peon |
| 17:09 | Peon |
| 17:33 | Dust of Appearance |
| Right click | 556 |
| Select | 305 |
| Select group | 115 |
| Build/train/purchase | 67 |
| Chat | 44 |
| Misc. action | 33 |
| Assign group | 14 |
| Use ability | 6 |
92 units @ 9.4k
/ 1k
327 buildings @ 23.8k
/ 13.7k
⇛
ChuckleMan
(103)
(26:03) : 

| Healing Salve | 2 | 200 |
| Lesser Clarity Potion | 4 | 280 |
| Orb of Lightning | 2 | 750 |
| Tiny Great Hall | 1 | 600 |
| Boots of Speed | 2 | 500 |
| Staff of Teleportation | 2 | 300 |
| total: | 13 | 2630g |
| Peon | 15 | 1125 | / | 0 |
| Troll Batrider | 10 | 1600 | / | 400 |
| Goblin Shredder | 2 | 750 | / | 200 |
| total: | 27 | 3475g | / | 600w |
| Watch Tower | 48 | 5280 | / | 3840 |
| Altar of Storms | 2 | 360 | / | 100 |
| Orc Burrow | 3 | 480 | / | 120 |
| War Mill | 1 | 205 | / | 0 |
| Voodoo Lounge | 8 | 1040 | / | 240 |
| Great Hall | 1 | 385 | / | 185 |
| Beastiary | 2 | 290 | / | 280 |
| Stronghold | 1 | 315 | / | 190 |
| Fortress | 1 | 325 | / | 190 |
| total: | 65 | 8040g | / | 4765w |
| 0:03 | Peon |
| 0:03 | Peon |
| 0:35 | Altar of Storms |
| 0:37 | Orc Burrow |
| 0:49 | Peon |
| 0:49 | Peon |
| 1:10 | War Mill |
| 1:23 | Peon |
| 1:38 | Voodoo Lounge |
| 1:45 | Peon |
| 1:46 | Peon |
| 1:59 | Peon |
| 2:06 | Orc Burrow |
| 2:19 | Peon |
| 2:33 | Watch Tower |
| 2:36 | Wind Walk |
| 2:40 | Healing Salve |
| 2:41 | Lesser Clarity Potion |
| 2:41 | Lesser Clarity Potion |
| 2:50 | Peon |
| 2:56 | Voodoo Lounge |
| 2:57 | Voodoo Lounge |
| 3:00 | Peon |
| 3:23 | Stronghold |
| 4:08 | Watch Tower |
| 4:09 | Watch Tower |
| 4:14 | Critical Strike |
| 4:23 | Voodoo Lounge |
| 4:27 | Spiked Barricades |
| 4:29 | Watch Tower |
| 4:43 | Watch Tower |
| 4:45 | Lesser Clarity Potion |
| 4:45 | Healing Salve |
| 4:46 | Lesser Clarity Potion |
| 5:12 | Watch Tower |
| 5:29 | Goblin Shredder |
| 5:59 | Watch Tower |
| 6:37 | Fortress |
| 6:42 | Boots of Speed |
| 7:26 | Watch Tower |
| 7:27 | Watch Tower |
| 7:37 | Staff of Teleportation |
| 7:58 | Wind Walk |
| 8:16 | Beastiary |
| 8:25 | Beastiary |
| 8:51 | Hex |
| 9:00 | Orb of Lightning |
| 9:17 | Watch Tower |
| 9:24 | Watch Tower |
| 9:34 | Watch Tower |
| 10:10 | Watch Tower |
| 10:20 | Watch Tower |
| 10:21 | Watch Tower |
| 10:23 | Orc Burrow |
| 10:39 | Altar of Storms |
| 10:43 | Reinforced Defenses |
| 11:02 | Orb of Lightning |
| 11:31 | Troll Batrider |
| 12:11 | Watch Tower |
| 12:12 | Watch Tower |
| 13:32 | Tiny Great Hall |
| 13:43 | Improved Spiked Barricades |
| 14:04 | Troll Batrider |
| 14:07 | Troll Batrider |
| 14:21 | Troll Batrider |
| 14:33 | Healing Wave |
| 15:02 | Troll Batrider |
| 15:13 | Watch Tower |
| 15:18 | Watch Tower |
| 15:32 | Watch Tower |
| 15:36 | Watch Tower |
| 15:38 | Peon |
| 15:39 | Watch Tower |
| 15:51 | Peon |
| 15:51 | Peon |
| 16:04 | Watch Tower |
| 16:08 | Watch Tower |
| 16:13 | Watch Tower |
| 16:24 | Voodoo Lounge |
| 16:33 | Peon |
| 16:39 | Voodoo Lounge |
| 16:51 | Watch Tower |
| 16:56 | Critical Strike |
| 16:57 | Troll Batrider |
| 17:06 | Troll Batrider |
| 17:22 | Watch Tower |
| 17:23 | Watch Tower |
| 18:07 | Voodoo Lounge |
| 18:09 | Voodoo Lounge |
| 19:04 | Watch Tower |
| 19:04 | Watch Tower |
| 19:12 | Watch Tower |
| 19:12 | Watch Tower |
| 19:24 | Watch Tower |
| 19:58 | Watch Tower |
| 20:01 | Watch Tower |
| 21:02 | Watch Tower |
| 21:03 | Watch Tower |
| 21:06 | Goblin Shredder |
| 21:10 | Troll Batrider |
| 21:19 | Watch Tower |
| 21:20 | Watch Tower |
| 21:29 | Healing Wave |
| 21:49 | Troll Batrider |
| 21:53 | Boots of Speed |
| 21:54 | Staff of Teleportation |
| 22:06 | Watch Tower |
| 23:06 | Wind Walk |
| 23:19 | Watch Tower |
| 23:20 | Watch Tower |
| 23:20 | Watch Tower |
| 23:23 | Watch Tower |
| 23:23 | Watch Tower |
| 24:36 | Great Hall |
| 24:37 | Watch Tower |
| 24:37 | Watch Tower |
| 24:38 | Watch Tower |
| 24:39 | Troll Batrider |
| 24:44 | Steel Ranged Weapons |
| 24:44 | Steel Melee Weapons |
| 24:44 | Steel Armor |
| 24:56 | Liquid Fire |
| 24:57 | Envenomed Spears |
| 24:58 | Ensnare |
| Right click | 1104 |
| Select group | 348 |
| Select | 278 |
| Build/train/purchase | 149 |
| Use ability | 129 |
| Chat | 129 |
| Misc. action | 64 |
| Assign group | 32 |
| Resource trade | 21 |
| Esc | 8 |
| Item give/drop | 7 |
| Minimap ping | 3 |



| Staff of Sanctuary | 3 | 750 |
| Scroll of Town Portal | 1 | 350 |
| Staff of Teleportation | 3 | 450 |
| Boots of Speed | 4 | 1000 |
| Healing Salve | 3 | 300 |
| Orb of Lightning | 3 | 1125 |
| total: | 17 | 3975g |
| Peasant | 14 | 1050 | / | 0 |
| Priest | 1 | 135 | / | 10 |
| total: | 15 | 1185g | / | 10w |
| Scout Tower | 62 | 1860 | / | 1240 |
| Guard Tower | 31 | 2170 | / | 1550 |
| Arcane Tower | 9 | 630 | / | 450 |
| Altar of Kings | 1 | 180 | / | 50 |
| Farm | 4 | 320 | / | 80 |
| Lumber Mill | 2 | 240 | / | 0 |
| Town Hall | 2 | 770 | / | 410 |
| Arcane Vault | 2 | 260 | / | 60 |
| Blacksmith | 1 | 140 | / | 60 |
| Barracks | 1 | 160 | / | 60 |
| Arcane Sanctum | 1 | 150 | / | 140 |
| Gryphon Aviary | 1 | 140 | / | 150 |
| Keep | 2 | 640 | / | 420 |
| Castle | 1 | 360 | / | 210 |
| total: | 77 | 4220g | / | 2250w |
| 0:32 | Peasant |
| 0:33 | Peasant |
| 0:38 | Altar of Kings |
| 0:48 | Farm |
| 0:50 | Peasant |
| 0:57 | Peasant |
| 1:08 | Peasant |
| 1:12 | Farm |
| 1:22 | Lumber Mill |
| 1:24 | Peasant |
| 1:38 | Peasant |
| 1:50 | Peasant |
| 2:02 | Peasant |
| 2:06 | Peasant |
| 2:18 | Peasant |
| 2:21 | Scout Tower |
| 2:22 | Scout Tower |
| 2:27 | Scout Tower |
| 2:28 | Scout Tower |
| 2:29 | Peasant |
| 2:40 | Blizzard |
| 2:46 | Guard Tower |
| 2:48 | Guard Tower |
| 3:02 | Improved Masonry |
| 3:13 | Arcane Tower |
| 3:13 | Arcane Tower |
| 3:18 | Guard Tower |
| 3:19 | Scout Tower |
| 3:21 | Peasant |
| 3:21 | Peasant |
| 3:23 | Scout Tower |
| 3:46 | Guard Tower |
| 3:49 | Scout Tower |
| 3:50 | Scout Tower |
| 3:50 | Guard Tower |
| 4:16 | Staff of Teleportation |
| 4:20 | Boots of Speed |
| 4:27 | Scout Tower |
| 4:28 | Scout Tower |
| 4:31 | Scout Tower |
| 5:00 | Guard Tower |
| 5:06 | Healing Salve |
| 5:14 | Scout Tower |
| 5:15 | Scout Tower |
| 5:16 | Scout Tower |
| 5:16 | Scout Tower |
| 5:37 | Scout Tower |
| 5:37 | Scout Tower |
| 5:57 | Scout Tower |
| 5:58 | Scout Tower |
| 6:02 | Keep |
| 6:05 | Arcane Tower |
| 6:17 | Guard Tower |
| 6:21 | Farm |
| 6:40 | Guard Tower |
| 6:41 | Arcane Tower |
| 6:44 | Guard Tower |
| 7:04 | Guard Tower |
| 7:06 | Scout Tower |
| 7:07 | Scout Tower |
| 7:08 | Scout Tower |
| 7:14 | Guard Tower |
| 7:16 | Farm |
| 7:19 | Scout Tower |
| 7:20 | Scout Tower |
| 7:20 | Scout Tower |
| 7:41 | Guard Tower |
| 7:42 | Scout Tower |
| 7:42 | Scout Tower |
| 7:43 | Scout Tower |
| 8:19 | Guard Tower |
| 9:11 | Arcane Tower |
| 9:26 | Brilliance Aura |
| 9:28 | Healing Salve |
| 9:38 | Guard Tower |
| 9:38 | Guard Tower |
| 9:39 | Storm Bolt |
| 10:11 | Arcane Sanctum |
| 10:31 | Town Hall |
| 10:34 | Scout Tower |
| 10:35 | Scout Tower |
| 11:00 | Scout Tower |
| 11:00 | Scout Tower |
| 11:01 | Scout Tower |
| 11:01 | Scout Tower |
| 11:02 | Scout Tower |
| 11:02 | Scout Tower |
| 11:03 | Scout Tower |
| 11:03 | Scout Tower |
| 11:03 | Scout Tower |
| 11:04 | Scout Tower |
| 11:05 | Scout Tower |
| 11:06 | Scout Tower |
| 11:06 | Scout Tower |
| 11:27 | Orb of Lightning |
| 11:32 | Guard Tower |
| 11:40 | Guard Tower |
| 12:19 | Staff of Teleportation |
| 12:23 | Boots of Speed |
| 12:40 | Magic Sentry |
| 12:44 | Advanced Masonry |
| 12:58 | Arcane Tower |
| 13:00 | Guard Tower |
| 13:17 | Castle |
| 13:24 | Scout Tower |
| 13:25 | Scout Tower |
| 13:30 | Arcane Vault |
| 13:34 | Arcane Vault |
| 13:48 | Arcane Tower |
| 13:48 | Guard Tower |
| 13:49 | Guard Tower |
| 13:49 | Arcane Tower |
| 14:29 | Bash |
| 14:42 | Priest |
| 14:47 | Scroll of Town Portal |
| 14:51 | Orb of Lightning |
| 14:52 | Blizzard |
| 15:00 | Guard Tower |
| 15:02 | Healing Salve |
| 15:23 | Scout Tower |
| 15:24 | Scout Tower |
| 15:24 | Scout Tower |
| 15:25 | Scout Tower |
| 15:26 | Scout Tower |
| 15:26 | Scout Tower |
| 15:41 | Boots of Speed |
| 16:13 | Guard Tower |
| 16:41 | Staff of Sanctuary |
| 16:53 | Guard Tower |
| 16:56 | Staff of Sanctuary |
| 17:03 | Boots of Speed |
| 17:09 | Holy Light |
| 17:12 | Guard Tower |
| 17:26 | Staff of Teleportation |
| 17:38 | Storm Bolt |
| 18:03 | Scout Tower |
| 18:03 | Scout Tower |
| 18:04 | Scout Tower |
| 18:04 | Scout Tower |
| 18:04 | Scout Tower |
| 18:05 | Scout Tower |
| 18:05 | Scout Tower |
| 18:05 | Scout Tower |
| 18:07 | Scout Tower |
| 18:07 | Scout Tower |
| 18:07 | Scout Tower |
| 18:14 | Arcane Tower |
| 18:58 | Gryphon Aviary |
| 19:03 | Blacksmith |
| 19:04 | Barracks |
| 19:51 | Staff of Sanctuary |
| 19:55 | Guard Tower |
| 19:58 | Orb of Lightning |
| 20:21 | Guard Tower |
| 21:15 | Guard Tower |
| 21:15 | Guard Tower |
| 21:19 | Lumber Mill |
| 21:44 | Divine Shield |
| 21:58 | Town Hall |
| 22:03 | Brilliance Aura |
| 23:19 | Bash |
| Right click | 2036 |
| Select | 702 |
| Chat | 317 |
| Select group | 290 |
| Build/train/purchase | 146 |
| Use ability | 88 |
| Assign group | 13 |
| Minimap ping | 11 |
| Misc. action | 9 |
| Item give/drop | 9 |


| Healing Salve | 3 | 300 |
| Orb of Lightning | 1 | 375 |
| Boots of Speed | 1 | 250 |
| Staff of Teleportation | 1 | 150 |
| total: | 6 | 1075g |
| Peon | 18 | 1350 | / | 0 |
| Troll Batrider | 8 | 1280 | / | 320 |
| Goblin Shredder | 1 | 375 | / | 100 |
| total: | 27 | 3005g | / | 420w |
| Watch Tower | 26 | 2860 | / | 2080 |
| Altar of Storms | 1 | 180 | / | 50 |
| Orc Burrow | 3 | 480 | / | 120 |
| War Mill | 1 | 205 | / | 0 |
| Voodoo Lounge | 8 | 1040 | / | 240 |
| Great Hall | 2 | 770 | / | 370 |
| Beastiary | 5 | 725 | / | 700 |
| Stronghold | 1 | 315 | / | 190 |
| Fortress | 1 | 325 | / | 190 |
| total: | 46 | 6260g | / | 3560w |
| 0:29 | Peon |
| 0:34 | Altar of Storms |
| 0:46 | Orc Burrow |
| 0:54 | Peon |
| 0:58 | Peon |
| 1:13 | Peon |
| 1:26 | War Mill |
| 1:29 | Peon |
| 1:36 | Voodoo Lounge |
| 1:44 | Peon |
| 2:06 | Peon |
| 2:10 | Orc Burrow |
| 2:17 | Peon |
| 2:35 | Wind Walk |
| 2:40 | Watch Tower |
| 2:45 | Healing Salve |
| 2:50 | Peon |
| 2:54 | Peon |
| 3:10 | Peon |
| 3:10 | Peon |
| 3:24 | Watch Tower |
| 3:48 | Watch Tower |
| 4:04 | Peon |
| 4:04 | Peon |
| 4:26 | Watch Tower |
| 4:43 | Watch Tower |
| 5:01 | Stronghold |
| 5:20 | Watch Tower |
| 5:50 | Watch Tower |
| 5:54 | Critical Strike |
| 6:04 | Healing Salve |
| 6:08 | Voodoo Lounge |
| 6:10 | Voodoo Lounge |
| 6:50 | Watch Tower |
| 6:53 | Goblin Shredder |
| 7:32 | Orc Burrow |
| 7:59 | Great Hall |
| 8:01 | Watch Tower |
| 8:07 | Watch Tower |
| 8:24 | Beastiary |
| 8:26 | Beastiary |
| 8:30 | Beastiary |
| 8:32 | Beastiary |
| 8:39 | Fortress |
| 8:45 | Watch Tower |
| 8:50 | Reinforced Defenses |
| 9:34 | Watch Tower |
| 9:51 | Boots of Speed |
| 10:16 | Staff of Teleportation |
| 10:25 | Hex |
| 10:41 | Peon |
| 10:41 | Peon |
| 10:41 | Peon |
| 10:41 | Peon |
| 11:07 | Orb of Lightning |
| 11:25 | Wind Walk |
| 12:06 | Troll Batrider |
| 12:09 | Watch Tower |
| 12:12 | Watch Tower |
| 12:16 | Watch Tower |
| 12:34 | Troll Batrider |
| 12:47 | Beastiary |
| 12:49 | Liquid Fire |
| 13:05 | Troll Batrider |
| 13:22 | Watch Tower |
| 13:26 | Watch Tower |
| 14:33 | Troll Batrider |
| 15:01 | Troll Batrider |
| 15:03 | Steel Ranged Weapons |
| 15:03 | Steel Armor |
| 15:10 | Healing Salve |
| 15:20 | Watch Tower |
| 15:23 | Watch Tower |
| 15:24 | Troll Batrider |
| 16:42 | Watch Tower |
| 16:45 | Thorium Ranged Weapons |
| 16:45 | Spiked Barricades |
| 17:38 | Critical Strike |
| 17:47 | Troll Batrider |
| 17:47 | Troll Batrider |
| 17:51 | Healing Wave |
| 18:29 | Watch Tower |
| 18:46 | Watch Tower |
| 18:56 | Arcanite Ranged Weapons |
| 18:56 | Thorium Armor |
| 19:18 | Great Hall |
| 20:09 | Watch Tower |
| 20:41 | Wind Walk |
| 20:47 | Watch Tower |
| 20:55 | Improved Spiked Barricades |
| 21:34 | Voodoo Lounge |
| 22:32 | Arcanite Armor |
| 22:40 | Healing Wave |
| 22:56 | Watch Tower |
| 23:41 | Voodoo Lounge |
| 23:46 | Voodoo Lounge |
| 24:00 | Watch Tower |
| 25:28 | Voodoo Lounge |
| 25:29 | Voodoo Lounge |
| Right click | 1898 |
| Select | 444 |
| Select group | 334 |
| Chat | 253 |
| Misc. action | 131 |
| Build/train/purchase | 85 |
| Use ability | 82 |
| Assign group | 11 |
| Resource trade | 9 |
| Esc | 5 |
| Item give/drop | 4 |
| Minimap ping | 2 |
| Remove unit | 1 |



| Scroll of Regeneration | 1 | 100 |
| Boots of Speed | 2 | 500 |
| Staff of Teleportation | 3 | 450 |
| Circlet of Nobility | 1 | 175 |
| Healing Salve | 3 | 300 |
| total: | 10 | 1525g |
| Peasant | 23 | 1725 | / | 0 |
| total: | 23 | 1725g | / | 0w |
| Scout Tower | 130 | 3900 | / | 2600 |
| Arcane Tower | 6 | 420 | / | 300 |
| Guard Tower | 36 | 2520 | / | 1800 |
| Altar of Kings | 1 | 180 | / | 50 |
| Lumber Mill | 1 | 120 | / | 0 |
| Farm | 3 | 240 | / | 60 |
| Arcane Vault | 2 | 260 | / | 60 |
| Town Hall | 1 | 385 | / | 205 |
| Arcane Sanctum | 1 | 150 | / | 140 |
| Keep | 1 | 320 | / | 210 |
| Castle | 1 | 360 | / | 210 |
| total: | 139 | 5235g | / | 3115w |
| 0:25 | Peasant |
| 0:25 | Peasant |
| 0:34 | Altar of Kings |
| 0:35 | Peasant |
| 0:50 | Lumber Mill |
| 0:51 | Peasant |
| 1:00 | Farm |
| 1:08 | Peasant |
| 1:13 | Peasant |
| 1:20 | Peasant |
| 1:27 | Scout Tower |
| 1:46 | Farm |
| 1:55 | Arcane Tower |
| 1:57 | Peasant |
| 2:05 | Peasant |
| 2:13 | Scout Tower |
| 2:15 | Peasant |
| 2:29 | Peasant |
| 2:39 | Arcane Tower |
| 2:42 | Scout Tower |
| 2:46 | Blizzard |
| 2:50 | Peasant |
| 2:56 | Peasant |
| 3:13 | Scout Tower |
| 3:14 | Scout Tower |
| 3:15 | Scout Tower |
| 3:31 | Peasant |
| 3:33 | Improved Masonry |
| 3:44 | Scout Tower |
| 3:46 | Scout Tower |
| 3:59 | Guard Tower |
| 4:04 | Brilliance Aura |
| 4:08 | Guard Tower |
| 4:10 | Scout Tower |
| 4:13 | Scout Tower |
| 4:20 | Scout Tower |
| 4:20 | Scout Tower |
| 4:32 | Healing Salve |
| 4:49 | Peasant |
| 4:49 | Peasant |
| 5:21 | Guard Tower |
| 5:23 | Scout Tower |
| 5:25 | Boots of Speed |
| 5:26 | Staff of Teleportation |
| 5:32 | Keep |
| 5:34 | Guard Tower |
| 5:49 | Arcane Vault |
| 6:19 | Guard Tower |
| 6:21 | Scout Tower |
| 6:22 | Scout Tower |
| 6:31 | Arcane Vault |
| 6:58 | Boots of Speed |
| 6:58 | Staff of Teleportation |
| 7:11 | Scout Tower |
| 7:12 | Scout Tower |
| 7:14 | Guard Tower |
| 7:16 | Arcane Tower |
| 7:16 | Guard Tower |
| 7:28 | Scout Tower |
| 7:47 | Farm |
| 8:08 | Guard Tower |
| 8:10 | Scout Tower |
| 8:11 | Guard Tower |
| 8:12 | Scout Tower |
| 8:22 | Scout Tower |
| 8:23 | Scout Tower |
| 8:45 | Blizzard |
| 9:14 | Arcane Tower |
| 9:16 | Guard Tower |
| 9:18 | Peasant |
| 9:18 | Peasant |
| 9:21 | Healing Salve |
| 9:37 | Scout Tower |
| 9:38 | Scout Tower |
| 9:51 | Storm Bolt |
| 10:09 | Guard Tower |
| 10:11 | Scout Tower |
| 10:18 | Peasant |
| 10:18 | Peasant |
| 10:50 | Guard Tower |
| 10:57 | Town Hall |
| 11:00 | Scout Tower |
| 11:01 | Scout Tower |
| 11:01 | Scout Tower |
| 11:02 | Scout Tower |
| 11:02 | Scout Tower |
| 11:03 | Scout Tower |
| 11:28 | Arcane Tower |
| 11:29 | Guard Tower |
| 12:23 | Guard Tower |
| 12:26 | Scout Tower |
| 12:27 | Scout Tower |
| 12:27 | Scout Tower |
| 12:28 | Scout Tower |
| 12:29 | Scout Tower |
| 12:30 | Scout Tower |
| 12:30 | Scout Tower |
| 12:31 | Scout Tower |
| 12:44 | Castle |
| 12:52 | Guard Tower |
| 13:03 | Bash |
| 13:30 | Guard Tower |
| 14:06 | Guard Tower |
| 14:07 | Peasant |
| 14:07 | Peasant |
| 14:08 | Guard Tower |
| 14:25 | Guard Tower |
| 14:29 | Scout Tower |
| 14:30 | Scout Tower |
| 14:31 | Scout Tower |
| 14:32 | Scout Tower |
| 14:41 | Scroll of Regeneration |
| 15:13 | Healing Salve |
| 16:01 | Storm Bolt |
| 16:11 | Guard Tower |
| 16:13 | Scout Tower |
| 16:13 | Scout Tower |
| 16:15 | Holy Light |
| 16:22 | Scout Tower |
| 16:24 | Scout Tower |
| 16:24 | Scout Tower |
| 16:27 | Peasant |
| 16:32 | Staff of Teleportation |
| 16:33 | Circlet of Nobility |
| 16:45 | Advanced Masonry |
| 16:45 | Improved Lumber Harvesting |
| 16:48 | Scout Tower |
| 16:49 | Scout Tower |
| 16:51 | Scout Tower |
| 16:52 | Scout Tower |
| 16:54 | Scout Tower |
| 16:54 | Scout Tower |
| 16:56 | Scout Tower |
| 16:56 | Scout Tower |
| 16:56 | Scout Tower |
| 18:05 | Guard Tower |
| 18:06 | Scout Tower |
| 18:09 | Scout Tower |
| 18:24 | Arcane Sanctum |
| 18:29 | Imbued Masonry |
| 18:47 | Divine Shield |
| 19:17 | Guard Tower |
| 19:19 | Scout Tower |
| 19:54 | Brilliance Aura |
| 20:05 | Guard Tower |
| 20:06 | Scout Tower |
| 20:08 | Guard Tower |
| 20:09 | Scout Tower |
| 20:11 | Scout Tower |
| 20:12 | Guard Tower |
| 20:34 | Guard Tower |
| 20:35 | Scout Tower |
| 20:36 | Scout Tower |
| 20:37 | Scout Tower |
| 20:41 | Guard Tower |
| 20:43 | Scout Tower |
| 20:44 | Scout Tower |
| 20:45 | Scout Tower |
| 20:45 | Scout Tower |
| 20:46 | Scout Tower |
| 20:46 | Scout Tower |
| 20:48 | Guard Tower |
| 20:50 | Scout Tower |
| 20:51 | Scout Tower |
| 20:52 | Scout Tower |
| 20:53 | Scout Tower |
| 20:53 | Scout Tower |
| 20:53 | Scout Tower |
| 20:54 | Scout Tower |
| 20:54 | Scout Tower |
| 21:03 | Scout Tower |
| 21:04 | Scout Tower |
| 21:04 | Scout Tower |
| 21:05 | Scout Tower |
| 21:06 | Scout Tower |
| 21:07 | Scout Tower |
| 21:54 | Guard Tower |
| 21:56 | Scout Tower |
| 21:56 | Scout Tower |
| 21:57 | Scout Tower |
| 21:57 | Scout Tower |
| 21:58 | Scout Tower |
| 21:59 | Scout Tower |
| 21:59 | Scout Tower |
| 21:59 | Scout Tower |
| 22:00 | Scout Tower |
| 22:01 | Scout Tower |
| 22:05 | Bash |
| 22:22 | Guard Tower |
| 23:29 | Holy Light |
| 23:38 | Guard Tower |
| 23:40 | Scout Tower |
| 23:41 | Scout Tower |
| 23:42 | Scout Tower |
| 23:43 | Scout Tower |
| 23:43 | Scout Tower |
| 23:44 | Scout Tower |
| 23:50 | Guard Tower |
| 25:01 | Guard Tower |
| 25:05 | Scout Tower |
| 25:05 | Scout Tower |
| 25:06 | Scout Tower |
| 25:07 | Scout Tower |
| 25:07 | Scout Tower |
| 25:40 | Blizzard |
| 25:52 | Magic Sentry |
| 25:57 | Scout Tower |
| 25:58 | Scout Tower |
| 25:59 | Scout Tower |
| 25:59 | Scout Tower |
| 25:59 | Scout Tower |
| 25:59 | Scout Tower |
| 25:59 | Scout Tower |
| 26:00 | Scout Tower |
| 26:00 | Scout Tower |
| 26:00 | Scout Tower |
| 26:00 | Scout Tower |
| 26:01 | Scout Tower |
| 26:01 | Scout Tower |
| 26:01 | Scout Tower |
| 26:01 | Scout Tower |
| 26:02 | Scout Tower |
| 26:02 | Scout Tower |
| 26:02 | Scout Tower |
| 26:02 | Scout Tower |
| 26:02 | Scout Tower |
| 26:02 | Scout Tower |
| 26:03 | Scout Tower |
| 26:03 | Scout Tower |
| Right click | 1214 |
| Select group | 732 |
| Chat | 623 |
| Assign group | 375 |
| Select | 299 |
| Build/train/purchase | 112 |
| Use ability | 87 |
| Misc. action | 53 |
| Item give/drop | 10 |
| Minimap ping | 3 |